 Dungeon Crawl Stone Soup version 0.19.1 (webtiles) character file.

317 FortunaImperatrix the Magician (level 6, -2/32 HPs)
             Began as a Deep Elf Wizard on Dec 10, 2016.
             Slain by a sky beast (6 damage)
             ... on level 3 of the Dungeon.
             The game lasted 00:13:21 (3273 turns).

FortunaImperatrix the Magician (Deep Elf Wizard)    Turns: 3273, Time: 00:13:22

Health: -2/32      AC:  3    Str:  4    XL:     6   Next: 20%
Magic:  2/17       EV: 13    Int: 25    God:
Gold:   82         SH:  0    Dex: 13    Spells: 7 memorised, 2 levels left

rFire  . . .     SeeInvis .     t - +0 dagger
rCold  . . .     Gourm    .     a - +0 robe
rNeg   . . .     Faith    .     (no shield)
rPois  .         Spirit   .     b - +0 hat
rElec  .         Reflect  .     (no cloak)
rCorr  .         Harm     .     (no gloves)
MR     .....                    z - +0 pair of boots
Stlth  ++........               (no amulet)
                                (no ring)
                                (no ring)

@: very slightly contaminated
A: no striking features
a: no special abilities


You were on level 3 of the Dungeon.
You were not hungry.

You visited 1 branch of the dungeon, and saw 3 of its levels.

You collected 82 gold pieces.

Inventory:

Hand Weapons
 t - a +0 dagger (weapon)
Armour
 a - a +0 robe (worn)
 b - a +0 hat (worn)
 z - a +0 pair of boots (worn)
Jewellery
 e - an uncursed ring of see invisible {unknown}
 h - an uncursed ring of ice {unknown}
 l - a cursed amulet of rage {unknown}
Wands
 y - a wand of acid (3/15)
Scrolls
 g - 3 scrolls of teleportation
 i - a scroll of fog {unknown}
 j - a scroll of amnesia {unknown}
 k - 2 scrolls of fear {unknown}
 n - a scroll of remove curse
 o - a scroll of enchant armour {unknown}
 r - 2 scrolls of identify {unknown}
 x - a scroll of noise {unknown}
Potions
 f - a potion of heal wounds {unknown}
 s - a potion of curing {unknown}
 u - 2 potions of flight {unknown}
 v - a potion of ambrosia {unknown}
 w - a potion of agility {unknown}
Books
 c - a book of Minor Magic

   Spells                             Type                      Level
   a - Magic Dart                     Conjuration                  1
   b - Blink                          Translocation                2
   c - Call Imp                       Summoning                    2
   d - Repel Missiles                 Charms/Air                   2
   e - Slow                           Hexes                        2
   f - Conjure Flame                  Conjuration/Fire             3
   g - Mephitic Cloud                 Conjuration/Poison/Air       3
Comestibles
 d - 2 bread rations
 m - 2 beef jerkies
 p - 2 meat rations
 q - a slice of pizza


   Skills:
 + Level 3.3 Dodging
 - Level 2.4 Stealth
 - Level 6.0 Spellcasting
 * Level 3.2 Conjurations
 - Level 1.1 Summonings
 * Level 3.2 Translocations
 + Level 1.7 Air Magic
 + Level 2.1 Poison Magic


You had 2 spell levels left.
You knew the following spells:

 Your Spells              Type           Power        Failure   Level  Hunger
a - Magic Dart            Conj           ###.         1%          1    None
b - Blink                 Tloc           N/A          3%          2    None
c - Call Imp              Summ           ##......     10%         2    None
d - Repel Missiles        Chrm/Air       ##....       10%         2    None
e - Slow                  Hex            #.......     12%         2    None
f - Mephitic Cloud        Conj/Pois/Air  ###.....     12%         3    None
g - Conjure Flame         Conj/Fire      ###.....     12%         3    None


Dungeon Overview and Level Annotations

Branches:
Dungeon (3/15)

Altars:
Makhleb
Uskayaw
Xom


Message History

Casting: Magic Dart
Confirm with . or Enter, or press ? or * to list all spells.
You can't see any susceptible monsters within range! (Use Z to cast anyway.)
Casting: Magic Dart
Confirm with . or Enter, or press ? or * to list all spells.
Aiming: Magic Dart
Press: ? - help, Shift-Dir - straight line The magic dart hits something.
Something hits you. Something shocks you.
Casting: Magic Dart
Confirm with . or Enter, or press ? or * to list all spells.
Aiming: Magic Dart
Press: ? - help, Shift-Dir - straight line The magic dart hits something.
A sky beast appears from thin air!
Reactivating autopickup.
The sky beast hits you. The sky beast shocks you.
* * * LOW HITPOINT WARNING * * *
The sky beast hits you.
* * * LOW HITPOINT WARNING * * *
The sky beast shocks you.
You die...

########### #######
#.........###
.......##########............
...........Y@................
.......##########............
....... #............ ..†####
#########.... .. #...... .
#########......
#..............
#..............
+..............


You could see a sky beast.

Vanquished Creatures
  A black bear (D:3)
  2 orc priests (D:3)
  Ijyb (D:3)
  A worker ant (D:3)
  5 adders
  An ooze (D:1)
  3 dart slugs
  5 leopard geckos
  2 orcs (D:3)
  A giant cockroach (D:2)
  6 goblins
  7 hobgoblins
  9 jackals
  4 kobolds
  A quokka (D:3)
  3 ball pythons
  11 bats
  6 frilled lizards
  5 rats
74 creatures vanquished.

Vanquished Creatures (collateral kills)
  A gnoll (D:1)
  An orc (D:3)
  A jackal (D:2)
3 creatures vanquished.

Grand Total: 77 creatures vanquished

Notes
Turn   | Place    | Note
-------+----------+-------------------------------------------
     0 | D:1      | FortunaImperatrix the Deep Elf Wizard began the quest for the Orb.
     0 | D:1      | Reached XP level 1. HP: 10/10 MP: 7/7
    75 | D:1      | Reached skill level 5 in Spellcasting
   175 | D:1      | Reached XP level 2. HP: 15/15 MP: 5/10
   250 | D:1      | Learned a level 2 spell: Blink
   253 | D:1      | Learned a level 2 spell: Call Imp
   256 | D:1      | Learned a level 2 spell: Repel Missiles
   259 | D:1      | Learned a level 2 spell: Slow
   740 | D:1      | Reached XP level 3. HP: 19/19 MP: 6/11
   791 | D:1      | Learned a level 3 spell: Mephitic Cloud
  1501 | D:2      | Found a hide-covered altar of Uskayaw.
  1680 | D:2      | Found a shimmering altar of Xom.
  1680 | D:2      | Found a shimmering altar of Xom.
  1681 | D:2      | Found a shimmering altar of Xom.
  1681 | D:2      | Found a shimmering altar of Xom.
  1682 | D:2      | Found a shimmering altar of Xom.
  1683 | D:2      | Found a shimmering altar of Xom.
  1684 | D:2      | Found a shimmering altar of Xom.
  1684 | D:2      | Found a shimmering altar of Xom.
  1886 | D:2      | Reached XP level 4. HP: 24/24 MP: 8/13
  2145 | D:3      | Reached skill level 1 in Poison Magic
  2302 | D:3      | Reached skill level 1 in Air Magic
  2311 | D:3      | Noticed Ijyb
  2326 | D:3      | Killed Ijyb
  2326 | D:3      | Reached XP level 5. HP: 28/28 MP: 1/15
  2773 | D:3      | Noticed a black bear
  2785 | D:3      | Killed a black bear
  2785 | D:3      | Reached XP level 6. HP: 32/32 MP: 4/16
  2795 | D:3      | Learned a level 3 spell: Conjure Flame
  2962 | D:3      | Reached skill level 6 in Spellcasting
  3183 | D:3      | Found a burning altar of Makhleb.
  3255 | D:3      | Noticed a sky beast
  3273 | D:3      | Slain by a sky beast

Skill      XL: |  1  2  3  4  5  6 |
---------------+-------------------+-----
Spellcasting   | 5 6 |  6.0
Conjurations   | 2 3 |  3.2
Translocations | 2 3 |  3.2
Poison Magic   | 1 2 |  2.1
Air Magic      | 1 |  1.7
Dodging        | 3 |  3.3
Stealth        | |  2.4
Summonings     | |  1.1

Action                   |  1- 3 |  4- 6 || total
-------------------------+-------+-------++-------
Melee: Dagger            |     2 |    20 ||    22
 Cast: Magic Dart        |    98 |    90 ||   188
       Call Imp          |     2 |     2 ||     4
       Mephitic Cloud    |     1 |     4 ||     5
       Blink             |       |     1 ||     1
       Conjure Flame     |       |     1 ||     1
  Use: Scroll            |     3 |       ||     3
 Stab: Confused          |       |     2 ||     2
  Eat: Chunk             |     3 |     4 ||     7
Armor: Robe              |     2 |     5 ||     7
Dodge: Dodged            |    10 |    10 ||    20
